 Dungeon Crawl Stone Soup version 0.25.1-2-g60ff931df9 (webtiles) character file.

Game seed: 1824192947284665773

200 eehn1 the Covered (level 5, -4/47 HPs)
             Began as a Minotaur Fighter on Sept 5, 2020.
             Killed by nerve-wracking pain
             ... invoked by Grinder
              (12 damage)
             ... on level 3 of the Dungeon.
             The game lasted 00:17:26 (2637 turns).

eehn1 the Covered (Minotaur Fighter)                Turns: 2637, Time: 00:17:26

Health: -4/47      AC:  7    Str: 22    XL:     5   Next: 49%
Magic:  4/4        EV:  8    Int:  5    God:
Gold:   121        SH:  9    Dex:  9    Spells: 4/4 levels left

rFire    . . .     SeeInvis .   y - +5 club
rCold    . . .     Gourm    .   c - +0 kite shield
rNeg     . . .     Faith    .   b - +0 scale mail
rPois    .         Spirit   .   (helmet restricted)
rElec    .         Reflect  .   (no cloak)
rCorr    .         Harm     .   (no gloves)
MR       .....                  (no boots)
Stlth    ..........             (no amulet)
HPRegen  0.15/turn              v - ring of attention
MPRegen  0.09/turn              (no ring)

@: no status effects
A: retaliatory headbutt, horns 2
a: no special abilities


You were on level 3 of the Dungeon.
You were not hungry.

You visited 1 branch of the dungeon, and saw 3 of its levels.

You collected 121 gold pieces.

Inventory:

Hand Weapons
 a - a +0 war axe
 h - a +0 dagger of draining
 k - a +0 spear
 t - a +1 antimagic spear
 y - a +5 club (weapon)
Armour
 b - a +0 scale mail (worn)
 c - a +0 kite shield (worn)
 g - a +0 naga barding
 j - a +0 leather armour
Jewellery
 v - a ring of attention (left hand)
Wands
 A - a wand of flame (12)
Scrolls
 e - a scroll of fear {unknown}
 n - 2 scrolls of amnesia {unknown}
 r - 4 scrolls of remove curse
 u - a scroll of blinking {unknown}
 x - 2 scrolls of identify {unknown}
 B - a scroll of enchant armour {unknown}
 C - a scroll of teleportation {unknown}
Potions
 d - a potion of might
 i - a potion of magic {unknown}
 l - 2 potions of curing {unknown}
 m - a potion of haste {unknown}
 o - a potion of flight {unknown}
 p - a potion of berserk rage {unknown}
 q - a potion of resistance {unknown}
 s - 2 potions of invisibility {unknown}
 z - a potion of lignification {unknown}
 D - a potion of cancellation {unknown}
Comestibles
 f - 8 rations


   Skills:
 * Level 4.4 Fighting
 - Level 3.5(3.7) Axes
 * Level 1.5(2.7) Maces & Flails
 + Level 5.0 Armour
 + Level 1.0 Dodging
 - Level 0.1 Stealth
 + Level 4.8 Shields


You had 4 spell levels left.
You didn't know any spells.
Your spell library was empty.

Dungeon Overview and Level Annotations

Branches:
Dungeon (3/15)

Altars:
Fedhas
Qazlal
Uskayaw

Annotations:
D:3 Grinder


Innate Abilities, Weirdness & Mutations

You reflexively headbutt those who attack you in melee.
You have a pair of horns on your head.


Message History

You hit Grinder. Your headbutt misses Grinder.
Grinder is lightly wounded.
Grinder hits you.
You writhe in agony.
You hit Grinder. You headbutt Grinder!
Grinder is heavily wounded.
Grinder gestures at you. Pain shoots through your body!
* * * LOW HITPOINT WARNING * * *
Your shield prevents you from hitting Grinder.
Grinder is heavily wounded.
You block Grinder's attack. Grinder hits you.
* * * LOW HITPOINT WARNING * * *
You writhe in agony.
* * * LOW HITPOINT WARNING * * *
As you read the scroll labeled XABRERGH EPRE, it crumbles to dust.
You feel as if something is helping you.
It was a scroll of remove curse.
Grinder gestures at you. Pain shoots through your body!
You die...

###################
#########.........#........
........'......5@......#
.....####.........#.##.#
.....# #.........#.#
.....####.......^.#.#
.......##.........#.#
.....#.###P.P######.#
.....#.##.P.P.# #.#
.....#.##PP_PP# #.#
..####.##PP.PP# #.#


You could see Grinder.

Vanquished Creatures
  Jessica (D:2)
  Terence (D:3)
  8 adders
  2 oozes
  A worm (D:2)
  4 dart slugs
  3 ball pythons
  5 bats
  3 giant cockroaches
  5 goblins
  4 hobgoblins
  7 jackals
  4 quokkas
  6 frilled lizards
  4 kobolds
  5 rats
  A bush (D:3)
  A fungus (D:3)
65 creatures vanquished.

Vanquished Creatures (others)
  4 toadstools (D:1)
4 creatures vanquished.

Grand Total: 69 creatures vanquished

Notes
Turn   | Place    | Note
-------+----------+-------------------------------------------
     0 | D:1      | eehn1 the Minotaur Fighter began the quest for the Orb.
     0 | D:1      | Reached XP level 1. HP: 19/19 MP: 0/0
   294 | D:1      | Reached skill level 4 in Armour
   330 | D:1      | Reached XP level 2. HP: 26/27 MP: 1/1
   959 | D:2      | Reached XP level 3. HP: 33/33 MP: 2/2
  1122 | D:2      | Found a hide-covered altar of Uskayaw.
  1166 | D:2      | Reached XP level 4. HP: 32/40 MP: 3/3
  1575 | D:2      | Noticed Jessica
  1581 | D:2      | Killed Jessica
  1941 | D:3      | Noticed Terence
  1963 | D:3      | Killed Terence
  1963 | D:3      | Reached skill level 5 in Armour
  1963 | D:3      | Reached XP level 5. HP: 37/47 MP: 4/4
  2033 | D:3      | Reached skill level 1 in Maces & Flails
  2101 | D:3      | Found a stormy altar of Qazlal.
  2240 | D:3      | Found a faded altar of an unknown god.
  2411 | D:3      | Reached skill level 1 in Dodging
  2511 | D:3      | Found a blossoming altar of Fedhas.
  2628 | D:3      | Noticed Grinder
  2637 | D:3      | Killed from afar by Grinder

Illustrated notes

Levels and vault maps discovered:
D:1:      ldierk_water_garden, layout_loops_cross
D:2:      layout_rooms, eat_drink_and_be_merry_uskayaw,
          minmay_fractal_squares_gapless_5, uniq_jessica
D:3:      layout_basic, grunt_temple_overflow_forces_of_nature,
          chequers_ecumenical_altar_grove, dk_vineyard_3, uniq_terence,
          uniq_grinder

Skill      XL: |  1  2  3  4  5 |
---------------+----------------+-----
Armour         | 4 5 |  5.0
Shields        | 4 |  4.8
Fighting       | 4 |  4.4
Axes           | 3 |  3.5
Maces & Flails | 1 |  1.5
Dodging        | 1 |  1.0
Stealth        | |  0.1

Action                   |  1- 3 |  4- 6 || total
-------------------------+-------+-------++-------
Melee: War axe           |    89 |    13 ||   102
       Headbutt          |     9 |    47 ||    56
       Club              |       |   135 ||   135
  Use: Scroll            |       |     1 ||     1
  Eat: Chunk             |     1 |     5 ||     6
Armor: Scale mail        |    58 |    28 ||    86
Dodge: Dodged            |    27 |    31 ||    58
Block: Kite shield       |    68 |    31 ||    99
